 Dungeon Crawl Stone Soup version 0.30-a0-830-gfe289a77b0 (webtiles) character file.

Game seed: 2248247115817643667

189 cforsyth the Sneak (level 6, -1/38 HPs)
             Began as a Kobold Brigand on Mar 1, 2023.
             Slain by a centaur (3 damage)
             ... on level 4 of the Dungeon.
             The game lasted 00:03:31 (3009 turns).

cforsyth the Sneak (Kobold Brigand)                 Turns: 3009, Time: 00:03:32

Health: -1/38      AC:  4    Str:  8    XL:     6   Next: 0%
Magic:  6/6        EV: 16    Int: 12    God:
Gold:   179        SH:  0    Dex: 19    Spells: 5/5 levels left

rFire   . . .      SeeInvis .    a - +2 dagger
rCold   . . .      Faith    .    (no shield)
rNeg    + . .      Spirit   .    b - +0 robe
rPois   .          Reflect  .    (no helmet)
rElec   .          Harm     .    c - +0 cloak
rCorr   .          Rampage  .    (no gloves)
Will    .....                    t - +0 pair of boots
Stlth   +++++                    u - amulet of the acrobat
HPRegen 0.26/turn                o - ring of positive energy
MPRegen 0.10/turn                (no ring)

@: no status effects
A: small, no large weapons, nightstalker 3
a: no special abilities


You were on level 4 of the Dungeon.
You visited 1 branch of the dungeon, and saw 4 of its levels.

You collected 179 gold pieces.

Inventory:

Hand Weapons
 a - a +2 dagger (weapon)
Missiles
 d - 17 poisoned darts (quivered)
 e - 3 curare-tipped darts
Armour
 b - a +0 robe (worn)
 c - a +0 cloak (worn)
 t - a +0 pair of boots (worn)
Jewellery
 o - a ring of positive energy (left hand)
 u - an amulet of the acrobat (around neck)
Scrolls
 f - 2 scrolls of blinking {unknown}
 h - a scroll of fear {unknown}
 i - 3 scrolls of identify {unknown}
 j - 3 scrolls of teleportation {unknown}
 l - 3 scrolls of immolation {unknown}
 n - a scroll of enchant weapon {unknown}
 r - a scroll of enchant armour {unknown}
Potions
 p - a potion of berserk rage {unknown}
 q - 2 potions of flight


   Skills:
 + Level 3.6 Fighting
 + Level 4.4 Short Blades
 - Level 2.1 Throwing
 + Level 3.2 Dodging
 + Level 6.5 Stealth


You had 5 spell levels left.
You didn't know any spells.
Your spell library contained the following spells:

 Spells                   Type           Power      Damage    Failure   Level
 Iskenderun's Battlesphe  Conj           0%         2d6       100%        5
 Iron Shot                Conj/Erth      0%         9d1       100%        6
 Spellforged Servitor     Conj/Summ      0%         N/A       100%        7


Dungeon Overview and Level Annotations

Branches:
Dungeon (4/15)
 Temple: D:4-7

Altars:
Trog
Vehumet
Wu Jian


Innate Abilities, Weirdness & Mutations

You are small and have problems with some larger weapons.
You are completely attuned to the shadows.


Message History

The orc wizard gestures at you while chanting.
The magic dart hits you.
The kobold brigand hits you with a +0 dagger.
* * * LOW HITPOINT WARNING * * *
The centaur barely misses you.
The centaur kicks you but does no damage.
You closely miss the centaur.
The centaur is heavily wounded.
The orc misses you.
The orc wizard hits you but does no damage.
The kobold brigand hits you but does no damage.
The centaur closely misses you. The centaur kicks you.
* * * LOW HITPOINT WARNING * * *
It was a potion of lignification.
You turn into a tree.
Your +0 cloak melds into your body.
Your +0 pair of boots melds into your body.
Your +0 robe melds into your body.
Your roots penetrate the ground.
The centaur hits you but does no damage.
The centaur completely misses you. The orc hits you but does no damage.
The orc wizard hits you but does no damage.
The orc hits you but does no damage. The kobold brigand barely misses you.
Unknown command.
It was a potion of cancellation.
Your magical effects are unravelling.
You feel magically purged.
You feel less wooden.
Your +0 cloak unmelds from your body.
Your +0 pair of boots unmelds from your body.
Your +0 robe unmelds from your body.
The centaur closely misses you. The centaur kicks you.
* * * LOW HITPOINT WARNING * * *
The orc hits you from afar with a +0 spear.
* * * LOW HITPOINT WARNING * * *
The orc wizard hits you but does no damage.
The orc barely misses you. The centaur misses you.
The centaur kicks you but does no damage.
The kobold brigand misses you.
It was a potion of magic.
Magic courses through your body. The centaur hits you.
You die...

#.........#...#.##.....
..#..........#.........
................<...#.
............###.....##
......###.....#.....#
..#..#######..#...###
#.....####.....##
.##o....##....###
...o@..#####.##
...cK#.# ### #..o.#..#
#..... .# ......


You could see a kobold brigand, a centaur, an orc wizard and 2 orcs.

Vanquished Creatures
  A phantom (D:3)
  An adder (D:3)
  An ufetubus (D:3)
  5 worms
  2 dart slugs
  7 orcs
  6 ball pythons
  6 endoplasms
  2 giant cockroaches
  6 goblins
  6 hobgoblins
  2 quokkas
  7 bats
  3 frilled lizards
  10 kobolds
  8 rats
73 creatures vanquished.

Notes
Turn   | Place    | Note
-------+----------+-------------------------------------------
     0 | D:1      | cforsyth the Kobold Brigand began the quest for the Orb.
     0 | D:1      | Reached XP level 1. HP: 12/12 MP: 1/1
   156 | D:1      | Reached XP level 2. HP: 18/18 MP: 2/2
   470 | D:1      | Reached XP level 3. HP: 22/22 MP: 3/3
  1019 | D:2      | Reached XP level 4. HP: 27/27 MP: 4/4
  1603 | D:3      | Found an ornate altar of the Wu Jian Council.
  1690 | D:3      | Reached skill level 6 in Stealth
  2103 | D:3      | Found a radiant altar of Vehumet.
  2103 | D:3      | Found a bloodstained altar of Trog.
  2167 | D:3      | Reached XP level 5. HP: 32/32 MP: 5/5
  2316 | D:3      | Found a faded altar of an unknown god.
  2588 | D:4      | Noticed a phantom
  2594 | D:4      | Noticed a centaur
  2900 | D:3      | Killed a phantom
  2901 | D:3      | Reached XP level 6. HP: 29/37 MP: 6/6
  3009 | D:4      | Slain by a centaur

Illustrated notes

Levels and vault maps discovered:
D:1:      tarquinn_simple_flora_water_a, layout_loops_ring
D:2:      layout_loops_ring
D:3:      minmay_diamond_boxcup, layout_basic, nicolae_wu_jian_wuxing_cycle,
          nicolae_overflow_squiral, ebering_ecumenical_altar_sacrificial
D:4:      layout_cave_pools, minmay_manual_mares

Skill      XL: |  1  2  3  4  5 |
---------------+----------------+-----
Short Blades   | 3 4 |  4.4
Dodging        | 2 3 |  3.2
Fighting       | 3 |  3.6
Stealth        | 6 |  6.5
Throwing       | |  2.1

Action                     |  1- 3 |  4- 6 || total
---------------------------+-------+-------++-------
  Melee: Dagger            |    84 |   150 ||   234
         Punch             |       |     3 ||     3
    Use: Potion            |       |     5 ||     5
   Stab: Sleeping          |    22 |    16 ||    38
         Distracted        |       |     1 ||     1
 Armour: Robe              |     5 |    24 ||    29
         Skin              |       |     4 ||     4
  Dodge: Dodged            |    24 |   131 ||   155

Table legend: (Time is in decaauts)
 A = Elapsed time spent in this place.
 B = Non-inter-level travel time spent in this place.
 C = Inter-level travel time spent in this place.
 D = Time resting spent in this place.
 E = Time spent auto-exploring this place.
 F = Levels seen in this place.
 G = Mean time per level.
                   A        B        C        D        E       F      G
               +--------+--------+--------+--------+--------+-----+--------+
         Total |   2968 |   2925 |     43 |    379 |   2013 |   4 |  742.0 |
       Dungeon |   2968 |   2925 |     43 |    379 |   2013 |   4 |  742.0 |
               +--------+--------+--------+--------+--------+-----+--------+

Top non-repeatable levels by time:
     D:3: 1020 daAuts
     D:2: 960 daAuts
     D:1: 712 daAuts
     D:4: 275 daAuts
